 Dungeon Crawl Stone Soup version 0.26-a0-1025-g006ef2cfcc (webtiles) character file.

Game seed: 8941085030483486168

57 KristoblXynda the Ducker (level 3, -1/19 HPs)
             Began as a Spriggan Berserker on Dec 9, 2020.
             Was a Believer of Trog.
             Slain by an adder (4 damage)
             ... on level 2 of the Dungeon.
             The game lasted 00:02:38 (1451 turns).

KristoblXynda the Ducker (Spriggan Berserker)       Turns: 1451, Time: 00:02:38

Health: -1/19      AC:  2    Str: 13    XL:     3   Next: 73%
Magic:  4/4        EV: 21    Int: 14    God:    Trog [**....]
Gold:   67         SH:  0    Dex: 16    Spells: 2/2 levels left

rFire    . . .     SeeInvis +   a - +0 short sword
rCold    . . .     Faith    .   (shield restricted)
rNeg     . . .     Spirit   .   b - +0 animal skin
rPois    .         Reflect  .   (helmet restricted)
rElec    .         Harm     .   (no cloak)
rCorr    .         Rampage  .   (gloves unavailable)
Will     .....                  (boots unavailable)
Stlth    ++........             (no amulet)
HPRegen  0.06/turn              l - +6 ring of intelligence
MPRegen  0.09/turn              (no ring)

@: berserk cooldown, slowed, quick
A: very small, unfitting armour, see invisible, speed 3
a: Berserk, Trog's Hand, Renounce Religion


You were on level 2 of the Dungeon.
You worshipped Trog.
Trog was pleased with you.
You visited 1 branch of the dungeon, and saw 2 of its levels.

You collected 67 gold pieces.

Inventory:

Hand Weapons
 a - a +0 short sword (weapon)
Armour
 b - a +0 animal skin (worn)
Jewellery
 l - a +6 ring of intelligence (left hand)
Scrolls
 c - a scroll of fear {unknown}
 d - 3 scrolls of identify {unknown}
 e - a scroll of blinking {unknown}
 g - a scroll of fog {unknown}
 h - a scroll of remove curse {unknown}
 k - a scroll of amnesia {unknown}
Potions
 f - a potion of flight {unknown}
 i - a potion of lignification {unknown}
 j - a potion of degeneration {unknown}


   Skills:
 + Level 2.9 Fighting
 + Level 4.0 Short Blades
 + Level 5.3 Dodging
 + Level 1.2 Stealth


You had 2 spell levels left.
You didn't know any spells.
Your spell library was empty.

Dungeon Overview and Level Annotations

Branches:
Dungeon (2/15)

Altars:


Innate Abilities, Weirdness & Mutations

You are very small and have problems with some larger weapons.
You are too small for most types of armour.
You have supernaturally acute eyesight. (SInv)
You cover ground extremely quickly.


Message History

Trog accepts your kill.
You see here a worm corpse.
You feel a strong urge to attack something.
An adder comes into view.
You are no longer berserk.
You are exhausted.
You feel yourself slow down.
The adder hisses angrily.
Things that are here:
a jackal corpse; a leopard gecko corpse A goblin comes into view.
It is wielding a +0 club.
The goblin shouts!
The adder misses you. The goblin completely misses you.
The goblin hits you but does no damage. The adder bites you.
* * * LOW HITPOINT WARNING * * *
The adder completely misses you. The adder bites you.
You die...

#....†......# #.#.#.#
#....#.##.### #.#.#.#
##....#.##.# #.#.#.#
.#....#.##.# #.#g#.#
.#....#.##.#####.#.#g#
#....... ........#.#
..#.#.... ... #.#
..#.#..# ..#.##.####g#
. ...... .......@S...#
...#.## ........#####
..#....)# #####.# ..#
###


You could see an adder and a goblin.

Vanquished Creatures
  An adder (D:2)
  A worm (D:2)
  2 leopard geckos
  A giant cockroach (D:1)
  3 goblins
  9 hobgoblins
  6 jackals (D:2)
  A ball python (D:2)
  7 bats (D:1)
  A frilled lizard (D:1)
  4 kobolds (D:1)
  2 rats
38 creatures vanquished.

Notes
Turn   | Place    | Note
-------+----------+-------------------------------------------
     0 | D:1      | KristoblXynda the Spriggan Berserker began the quest for
                  | the Orb.
     0 | D:1      | Reached XP level 1. HP: 11/11 MP: 2/2
   497 | D:1      | Reached XP level 2. HP: 14/16 MP: 3/3
   899 | D:1      | Reached skill level 5 in Dodging
  1157 | D:1      | Reached XP level 3. HP: 19/19 MP: 4/4
  1402 | D:2      | Reached ** piety under Trog
  1409 | D:2      | Reached skill level 1 in Stealth
  1451 | D:2      | Slain by an adder

Illustrated notes

Levels and vault maps discovered:
D:1:      lightli_arrival_flooded_house, layout_basic,
          corexii_item_surrounded_by_moat
D:2:      layout_basic, lemuel_doored_altar

Skill      XL: |  1  2  3 |
---------------+----------+-----
Dodging        | 5 |  5.3
Stealth        | 1 |  1.2
Short Blades   | 4 |  4.0
Fighting       | |  2.9

Action                   || total
-------------------------++-------
Melee: Short sword       ||   128
Invok: Berserk           ||     4
 Stab: Sleeping          ||     3
Armor: Animal skin       ||    14
Dodge: Dodged            ||   125

Table legend: (Time is in decaauts)
 A = Elapsed time spent in this place.
 B = Non-inter-level travel time spent in this place.
 C = Inter-level travel time spent in this place.
 D = Time resting spent in this place.
 E = Time spent auto-exploring this place.
 F = Levels seen in this place.
 G = Mean time per level.
                   A        B        C        D        E       F      G
               +--------+--------+--------+--------+--------+-----+--------+
         Total |   1199 |   1195 |      4 |    456 |    469 |   2 |  599.5 |
       Dungeon |   1199 |   1195 |      4 |    456 |    469 |   2 |  599.5 |
               +--------+--------+--------+--------+--------+-----+--------+

Top non-repeatable levels by time:
     D:1: 990 daAuts
     D:2: 209 daAuts
